 Dungeon Sprint DCSS version 0.22-a0-135-g6f012ad (webtiles) character file.

37986 theanonym the Executioner (level 14, -27/131 HPs)
             Began as a Formicid Fighter on Jan 31, 2018.
             Was the Champion of Makhleb.
             Killed from afar by a deep elf annihilator (59 damage)
             ... with a crystal spear
             ... in the Dungeon (Sprint V: "Ziggurat Sprint").
             The game lasted 00:05:41 (703 turns).

theanonym the Executioner (Formicid Fighter)         Turns: 703, Time: 00:05:42

Health: -27/131    AC: 29    Str: 33    XL:     14   Next: 31%
Magic:  14/14      EV:  7    Int: 13    God:    Makhleb [******]
Gold:   0          SH: 31    Dex: 12    Spells: 13/13 levels left

rFire    + + +     SeeInvis +   G - +9 executioner's axe (flame)
rCold    + + +     Gourm    .   I - +18 shield of the Gong {rElec rN+ MR+ EV-5}
rNeg     + + .     Faith    +   F - +5 gold dragon scales {23 rF+ rC+ rPois}
rPois    +         Spirit   .   (helmet unavailable)
rElec    +         Reflect  .   (no cloak)
rCorr    +         Harm     .   (no gloves)
MR       +++..                  M - +0 pair of boots {run}
Stlth    ..........             L - amulet "Inevoan" {Faith +Blink rF+ Str+8 Dex-3}
HPRegen  0.00/turn              N - ring of Red Wine {Int+4 Slay+6}
MPRegen  0.14/turn              J - ring of Sloth {rC+ rN+ MR+}

@: agile, resistant, quick
A: permanent stasis, dig shafts and tunnels, four strong arms, antennae 3,
inhibited regeneration
a: Dig, Minor Destruction, Lesser Servant of Makhleb, Major Destruction, Greater
Servant of Makhleb, Renounce Religion


Innate Abilities, Weirdness & Mutations

You cannot be hasted, slowed, berserked, paralysed or teleported.
You can dig through walls and to a lower floor.
Your four strong arms can wield two-handed weapons with a shield.
You have a pair of large antennae on your head. (SInv)
You do not regenerate when monsters are visible.


   Skills:
 + Level 18.9 Fighting
 * Level 23.8 Axes
 + Level 19.0 Armour
 - Level 9.0 Shields


You had 13 spell levels left.
You didn't know any spells.

Skill      XL: |  1  2  3  4  5  6  7  8  9 10 11 12 13 14 |
---------------+-------------------------------------------+-----
Axes           | 7 8 9 10 12 14 15 17 19 20 23 | 23.8
Fighting       | 4 5 6 8 10 11 13 14 16 18 | 18.9
Armour         | 4 5 6 8 10 11 13 14 16 18 19 | 19.0
Shields        | 4 5 6 7 8 9 |  9.0

Action                   |  1- 3 |  4- 6 |  7- 9 | 10-12 | 13-15 || total
-------------------------+-------+-------+-------+-------+-------++-------
Melee: Broad axe         |     1 |    11 |    16 |    97 |    24 ||   149
       Executioner's axe |       |       |       |       |    28 ||    28
  Use: Potion            |     2 |       |     1 |     2 |     9 ||    14
       Scroll            |       |       |       |     2 |     8 ||    10
 Stab: Invisible         |       |       |     2 |     8 |       ||    10
       Distracted        |       |       |     1 |     1 |       ||     2
Armor: Gold dragon scale |       |     1 |     4 |    27 |    38 ||    70
Dodge: Dodged            |       |       |       |     3 |    16 ||    19
Block: Shield            |       |    11 |    23 |   101 |   113 ||   248

Inventory:

Hand Weapons
 a - a +0 war axe
 G - a +9 executioner's axe of flaming (weapon)
   (You found it in the Dungeon)
 H - the +14 obsidian axe {chop, +Fly SInv *Curse}
   (You found it in the Dungeon)

   It inflicts extra damage upon your enemies.
   It lets you see invisible.
   It lets you fly.
   It curses itself when equipped.
Armour
 b - a +0 scale mail {10}
 c - a +0 shield
 k - the +0 pair of boots of Terror {rF+}
   (You found it in the Dungeon)

   It protects you from fire.
 F - +5 gold dragon scales (worn) {23 rF+ rC+ rPois}
   (You found it in the Dungeon)
 I - the +18 shield of the Gong (worn) {rElec rN+ MR+ EV-5}
   (You found it in the Dungeon)

   It affects your evasion (-5).
   It insulates you from electricity.
   It protects you from negative energy.
   It affects your resistance to hostile enchantments.
 M - a +0 pair of boots of running (worn)
   (You found it in the Dungeon)
Jewellery
 o - the amulet of Nuri {Faith Str+6}
   (You found it in the Dungeon)

   [amulet of faith]

   It allows you to gain divine favour quickly.
   It affects your strength (+6).
 u - a +6 ring of dexterity
   (You found it in the Dungeon)
 x - a +6 ring of intelligence
   (You found it in the Dungeon)
 y - a +6 ring of intelligence
   (You found it in the Dungeon)
 z - a +6 ring of strength
   (You found it in the Dungeon)
 A - a +6 ring of strength
   (You found it in the Dungeon)
 E - a +6 ring of dexterity
   (You found it in the Dungeon)
 J - the ring of Sloth (right hand) {rC+ rN+ MR+}
   (You found it in the Dungeon)

   [ring of protection from magic]

   It protects you from cold.
   It protects you from negative energy.
   It affects your resistance to hostile enchantments.
 L - the amulet "Inevoan" (around neck) {Faith +Blink rF+ Str+8 Dex-3}
   (You found it in the Dungeon)

   [amulet of faith]

   It allows you to gain divine favour quickly.
   It affects your strength (+8).
   It affects your dexterity (-3).
   It protects you from fire.
   It lets you blink.
 N - the ring of Red Wine (left hand) {Int+4 Slay+6}
   (You found it in the Dungeon)

   [ring of intelligence]

   It affects your intelligence (+4).
   It affects your accuracy and damage with ranged weapons and melee attacks
   (+6).
Wands
 v - a wand of acid (7)
   (You found it in the Dungeon)
 C - a wand of disintegration (7)
   (You found it in the Dungeon)
 D - a wand of iceblast (7)
   (You found it in the Dungeon)
Scrolls
 f - 6 scrolls of fog
 n - 4 scrolls of amnesia
 p - a scroll of holy word
 r - 5 scrolls of identify
 s - 4 scrolls of remove curse
 B - 4 scrolls of blinking
Potions
 d - 2 potions of brilliance
 g - 3 potions of resistance {rF+ rC+}
 h - 6 potions of haste
 i - 7 potions of magic
 j - 2 potions of agility
 l - 3 potions of berserk rage
 m - 4 potions of might
 q - 10 potions of heal wounds
 w - 9 potions of curing
Miscellaneous
 K - a lamp of fire
   (You found it in the Dungeon)
Comestibles
 e - 7 rations You were in the Dungeon. You worshipped Makhleb. Makhleb was exalted by your worship. You were not hungry. You visited 1 branch

Dungeon Overview and Level Annotations

Branches:
Dungeon (1/1)

Altars:
Ashenzari
Cheibriados
Dithmenos
Elyvilon
Fedhas
Gozag
Hepliaklqana
Kikubaaqudgha
Makhleb
Nemelex Xobeh
Okawaru
Qazlal
Ru
Sif Muna
Trog
Uskayaw
Vehumet
Wu Jian
Xom
Yredelemnul
Zin
The Shining One
Beogh
Jiyva
Lugonu

Annotations:
D 1 transporter

▓▓▓▓▓▓▓▓▓▓
▓e)e..8©8...YY▓....8©8..
▓..[))..):)...▓..:}}))).
▓...)}:=)})o..▓..))|![":
▓.ee......4e..▓.........
▓.........3...▓.....))..
▓.............▓....)))..
▓.....§(§.....▓....)()..
▓.....§@§.....▓..▓...(.▓
▓..▓.§§§§e.▓..▓.▓.▓...▓.
▓ ▓▓.....▓▓ ▓..▓.....▓
▓..▓....e§.▓..▓.....©...
▓.............▓▓▓▓▓▓▓▓▓▓
▓......©..e...▓....8©8..
▓▓▓▓▓▓▓▓▓▓▓▓▓▓▓..[:}:.)[
▓...))[:}:


{{{{{{{{{ ▓......... You could see a deep elf master archer, a deep elf
annihilator, a deep elf knight, 3 deep elf high priests, 2 deep elf magi, a
neqoxec, a chaos spawn, an orc sorcerer, 2 ice beasts and a mace of crushing.

Notes
Turn   | Place    | Note
-------+----------+-------------------------------------------
     0 | D        | Found the +6 Majin-Bo {vamp, Archmagi MP+6 Int+6}
     0 | D        | Found the +7 great mace "Firestarter" {inner flame, rF++}
     0 | D        | theanonym the Formicid Fighter began the quest for the Orb.
     0 | D        | Reached XP level 1. HP: 18/18 MP: 1/1
     0 | D        | Found a deep blue altar of Sif Muna.
     0 | D        | Found a sacrificial altar of Ru.
     0 | D        | Found a bloodstained altar of Trog.
     0 | D        | Found a stormy altar of Qazlal.
     0 | D        | Found an iron altar of Okawaru.
     0 | D        | Found a sparkling altar of Nemelex Xobeh.
     0 | D        | Found a blossoming altar of Fedhas.
     2 | D        | Found a transporter.
     2 | D        | Found an ancient bone altar of Kikubaaqudgha.
     2 | D        | Found a viscous altar of Jiyva.
     2 | D        | Found a corrupted altar of Lugonu.
     2 | D        | Found a hazy altar of Hepliaklqana.
     2 | D        | Found a burning altar of Makhleb.
     2 | D        | Found an opulent altar of Gozag.
    19 | D        | Found the +9 heavy crossbow "Sniper" {velocity, Acc+∞ SInv}
    19 | D        | Found the +10 dark maul {crush}
    19 | D        | Found the +15 Maxwell's patent armour {-Cast -Tele rElec MR+ rCorr}
    19 | D        | Found the +18 shield of the Gong {rElec rN+ MR+ EV-5}
    19 | D        | Found the cursed +14 obsidian axe {chop, +Fly SInv *Curse}
    20 | D        | Found the +6 shillelagh "Devastator" {shatter}
    20 | D        | Found the +11 plutonium sword {*Contam Stlth-}
    20 | D        | Found the +8 lance "Wyrmbane" {slay drac, rPois rF+ rC+ AC+3}
    20 | D        | Found the +9 sword of Zonguldrok {reap}
    20 | D        | Found the cursed +13 scythe of Curses {drain, *Curse}
    20 | D        | Found the +0 sword of Power
    20 | D        | Found the +1 mace of Variability {chaos}
    20 | D        | Found the +7 Singing Sword
    20 | D        | Found the +7 longbow "Piercer" {penet, EV-2}
    54 | D        | Became a worshipper of Makhleb the Destroyer
    56 | D        | Reached skill level 7 in Axes
    56 | D        | Reached XP level 2. HP: 24/24 MP: 2/2
    84 | D        | Entered arena 2.
    84 | D        | Noticed a bullfrog
    84 | D        | Found a transporter.
    85 | D        | Killed a bullfrog
    85 | D        | Reached skill level 4 in Fighting
    85 | D        | Reached skill level 8 in Axes
    85 | D        | Reached skill level 4 in Armour
    85 | D        | Reached skill level 4 in Shields
    85 | D        | Reached XP level 3. HP: 30/30 MP: 3/3
    85 | D        | Reached XP level 4. HP: 37/37 MP: 4/4
    94 | D        | Got the +0 pair of boots of Terror {rF+}
   104 | D        | Entered arena 3.
   104 | D        | Found a transporter.
   106 | D        | Reached * piety under Makhleb
   106 | D        | Reached skill level 9 in Axes
   106 | D        | Reached skill level 5 in Shields
   106 | D        | Reached XP level 5. HP: 43/43 MP: 5/5
   113 | D        | Entered arena 4.
   113 | D        | Noticed a slime creature
   113 | D        | Noticed a slime creature
   113 | D        | Noticed a floating eye
   113 | D        | Found a transporter.
   115 | D        | Killed a floating eye
   115 | D        | Reached ** piety under Makhleb
   115 | D        | Reached skill level 5 in Fighting
   115 | D        | Reached skill level 5 in Armour
   115 | D        | Reached skill level 6 in Shields
   115 | D        | Reached XP level 6. HP: 52/52 MP: 6/6
   118 | D        | Killed a slime creature
   118 | D        | Reached skill level 6 in Fighting
   118 | D        | Reached skill level 10 in Axes
   118 | D        | Reached skill level 6 in Armour
   118 | D        | Reached skill level 7 in Shields
   118 | D        | Reached XP level 7. HP: 57/59 MP: 7/7
   119 | D        | Killed a slime creature
   119 | D        | Reached skill level 7 in Fighting
   119 | D        | Reached skill level 11 in Axes
   119 | D        | Reached skill level 7 in Armour
   119 | D        | Reached skill level 8 in Shields
   119 | D        | Reached *** piety under Makhleb
   125 | D        | Entered arena 5.
   125 | D        | Found a transporter.
   136 | D        | Entered arena 6.
   136 | D        | Noticed a yak
   136 | D        | Found a transporter.
   138 | D        | Killed a yak
   138 | D        | Reached **** piety under Makhleb
   138 | D        | Reached skill level 8 in Fighting
   138 | D        | Reached skill level 12 in Axes
   138 | D        | Reached skill level 8 in Armour
   138 | D        | Reached XP level 8. HP: 68/68 MP: 8/8
   138 | D        | Reached skill level 9 in Shields
   147 | D        | Entered arena 7.
   147 | D        | Noticed a draconian
   147 | D        | Noticed a red draconian
   147 | D        | Noticed a draconian
   147 | D        | Noticed a draconian
   147 | D        | Noticed a black draconian
   147 | D        | Noticed a purple draconian
   148 | D        | Found a transporter.
   153 | D        | HP: 26/68 [purple draconian/bolt of dispelling energy (23)]
   156 | D        | HP: 5/68 [red draconian/searing blast (11)]
   157 | D        | Killed a draconian
   157 | D        | Reached ***** piety under Makhleb
   157 | D        | Reached skill level 9 in Fighting
   157 | D        | Reached skill level 9 in Armour
   158 | D        | Killed a red draconian
   158 | D        | Reached skill level 10 in Fighting
   158 | D        | Reached skill level 14 in Axes
   158 | D        | Reached skill level 10 in Armour
   158 | D        | Reached XP level 9. HP: 42/79 MP: 9/9
   159 | D        | Killed a black draconian
   159 | D        | Reached skill level 11 in Fighting
   159 | D        | Reached skill level 15 in Axes
   159 | D        | Reached skill level 11 in Armour
   159 | D        | Reached XP level 10. HP: 66/88 MP: 10/10
   161 | D        | Killed a draconian
   163 | D        | Killed a purple draconian
   163 | D        | Killed a draconian
   163 | D        | Reached skill level 12 in Fighting
   163 | D        | Reached skill level 16 in Axes
   163 | D        | Reached skill level 12 in Armour
   167 | D        | Got the ring of Sloth {rC+ rN+ MR+}
   262 | D        | Entered arena 8.
   262 | D        | Noticed a death cob
   262 | D        | Noticed a draconian
   262 | D        | Noticed a draconian
   262 | D        | Noticed a draconian
   262 | D        | Noticed a yellow draconian
   262 | D        | Noticed a draconian
   263 | D        | Found a transporter.
   268 | D        | Killed a death cob
   272 | D        | Killed a yellow draconian
   272 | D        | Reached skill level 13 in Fighting
   272 | D        | Reached skill level 17 in Axes
   272 | D        | Reached skill level 13 in Armour
   272 | D        | Reached XP level 11. HP: 77/98 MP: 11/11
   272 | D        | Killed a draconian
   274 | D        | Killed a draconian
   274 | D        | Reached ****** piety under Makhleb
   280 | D        | Killed a draconian
   282 | D        | Killed a draconian
   290 | D        | Entered arena 9.
   291 | D        | Found the +8 longbow "Zephyr" {speed, Dex+3 SInv}
   291 | D        | Found a transporter.
   297 | D        | Reached skill level 18 in Axes
   304 | D        | Got the amulet of Nuri {Faith Str+6}
   309 | D        | Entered arena 10.
   310 | D        | Found a transporter.
   317 | D        | Reached skill level 14 in Fighting
   317 | D        | Reached skill level 14 in Armour
   325 | D        | Entered arena 11.
   325 | D        | Noticed a toenail golem
   325 | D        | Noticed a toenail golem
   325 | D        | Noticed a toenail golem
   325 | D        | Noticed a toenail golem
   325 | D        | Noticed a toenail golem
   325 | D        | Noticed a toenail golem
   326 | D        | Found a transporter.
   331 | D        | Killed a toenail golem
   332 | D        | Killed a toenail golem
   332 | D        | Killed a toenail golem
   333 | D        | Killed a toenail golem
   336 | D        | Killed a toenail golem
   340 | D        | Killed a toenail golem
   340 | D        | Reached skill level 19 in Axes
   345 | D        | Reached XP level 12. HP: 108/108 MP: 12/12
   355 | D        | Entered arena 12.
   355 | D        | Noticed an eight-headed hydra
   359 | D        | Found a transporter.
   364 | D        | Killed a ten-headed hydra
   365 | D        | Reached skill level 15 in Fighting
   365 | D        | Reached skill level 15 in Armour
   391 | D        | Entered arena 13.
   391 | D        | Noticed a fire dragon
   392 | D        | Noticed a fire giant
   392 | D        | Noticed a hell hog
   392 | D        | Noticed a hell hog
   392 | D        | Noticed a hell hog
   394 | D        | Found a transporter.
   396 | D        | Killed a hell hog
   397 | D        | Killed a hell hog
   399 | D        | Killed a hell hog
   399 | D        | Reached skill level 20 in Axes
   402 | D        | Killed a fire giant
   406 | D        | Killed a fire dragon
   406 | D        | Reached skill level 16 in Fighting
   406 | D        | Reached skill level 16 in Armour
   417 | D        | Got the amulet "Inevoan" {Faith +Blink rF+ Str+8 Dex-3}
   479 | D        | Entered arena 14.
   482 | D        | Found a transporter.
   491 | D        | Reached XP level 13. HP: 119/119 MP: 13/13
   496 | D        | Reached skill level 21 in Axes
   508 | D        | Got the ring of Red Wine {Int+4 Slay+6}
   521 | D        | Identified a +0 pair of boots of running (You found it in the Dungeon)
   524 | D        | Entered arena 15.
   525 | D        | Noticed an azure jelly
   525 | D        | Noticed an azure jelly
   529 | D        | Noticed a death ooze
   529 | D        | Noticed a death ooze
   529 | D        | Noticed an azure jelly
   532 | D        | Killed an azure jelly
   532 | D        | Gained mutation: You do not regenerate when monsters are visible. [a shining eye]
   533 | D        | Killed an azure jelly
   536 | D        | Killed a death ooze
   536 | D        | Reached skill level 17 in Fighting
   536 | D        | Reached skill level 17 in Armour
   538 | D        | Killed a death ooze
   542 | D        | Killed an azure jelly
   542 | D        | Reached skill level 22 in Axes
   546 | D        | Found a transporter.
   563 | D        | Entered arena 16.
   565 | D        | Noticed a deep elf annihilator
   565 | D        | Noticed a deep elf master archer
   565 | D        | Noticed a deep elf blademaster
   565 | D        | Noticed a deep elf high priest
   565 | D        | Noticed a deep elf annihilator
   566 | D        | Found a transporter.
   570 | D        | Killed a deep elf blademaster
   572 | D        | Killed a deep elf annihilator
   573 | D        | Reached skill level 18 in Fighting
   573 | D        | Reached skill level 18 in Armour
   576 | D        | Killed a deep elf master archer
   576 | D        | Reached skill level 23 in Axes
   578 | D        | Reached XP level 14. HP: 125/130 MP: 14/14
   583 | D        | Killed a deep elf annihilator
   681 | D        | Entered arena 17.
   684 | D        | Noticed a deep elf master archer
   684 | D        | Noticed a deep elf sorcerer
   684 | D        | Noticed a deep elf annihilator
   686 | D        | Found a transporter.
   689 | D        | HP: 35/131 [deep elf sorcerer/bolt of acid (34)]
   694 | D        | HP: 47/131 [poisoned by a deep elf annihilator (poison arrow)]
   697 | D        | Killed a deep elf sorcerer
   699 | D        | HP: 15/131 [deep elf high priest/divine providence (9)]
   703 | D        | Reached skill level 19 in Armour
   703 | D        | Killed from afar by a deep elf annihilator

Vanquished Creatures
  A deep elf master archer (D)
  A deep elf blademaster (D)
  A death cob (D)
  3 azure jellies (D)
  A fire giant (D)
  A deep elf sorcerer (D)
  A yellow draconian (D)
  A black draconian (D)
  2 deep elf annihilators (D)
  A red draconian (D)
  A purple draconian (D)
  2 death oozes (D)
  A deep elf high priest (D)
  A fire dragon (D)
  A hydra (D)
  3 dancing weapons (D)
  3 hell hogs (D)
  2 deep elf knights (D)
  A glowing orange brain (D)
  4 deep elf magi (D)
  2 draconians (D)
  6 toenail golems (D)
  2 black mambas (D)
  An elephant (D)
  2 spiny frogs (D)
  A rime drake (D)
  A small abomination (D)
  2 efreet (D)
  A komodo dragon (D)
  2 blink frogs (D)
  3 slime creatures (D)
  2 hippogriffs (D)
  A dream sheep (D)
  An air elemental (D)
  3 yaks (D)
  A basilisk (D)
  A tarantella (shapeshifter) (D)
  2 fire elementals (D)
  2 nagas (D)
  A hell hound (D)
  4 water moccasins (D)
  A floating eye (D)
  2 porcupines (D)
  A wolf (D)
  4 crocodiles (D)
  4 earth elementals (D)
  2 bullfrogs (D)
  A quasit (D)
  3 jellies (D)
  An iguana (D)
  2 adders (D)
  3 river rats (D)
  An ufetubus (D)
  An ooze (D)
  A jackal (D)
  A ball python (D)
  A ball python skeleton (D)
  A crawling corpse (D)
103 creatures vanquished.

Vanquished Creatures (collateral kills)
  A deep elf mage (D)
  A shining eye (D)
  5 draconians (D)
  2 spiny frogs (D)
  A komodo dragon (D)
  A slime creature (D)
  A blink frog (D)
  A naga (D)
  2 adders (D)
  A ball python (D)
16 creatures vanquished.

Vanquished Creatures (others)
  A fire vortex (D)
1 creature vanquished.

Grand Total: 120 creatures vanquished

Table legend:
 A = Turns spent in this place as a percentage of turns spent in the entire game.
 B = Non-inter-level travel turns spent in this place as a percentage of non-inter-level travel turns spent in the entire game.
 C = Inter-level travel turns spent in this place as a percentage of turns spent in this place.
 D = Turns resting spent in this place as a percentage of non-inter-level travel turns spent in this place.
 E = Turns spent auto-exploring this place as a percentage of non-inter-level travel turns spent in this place.
 F = Non-inter-level travel turns spent in this place divided by the number of levels of this place that you've seen.
                   A       B       C       D       E      F
               +-------+-------+-------+-------+-------+----------------------
         Total | 100.0 | 100.0 |   0.0 |  33.3 |   3.6 | 703.0
       Dungeon | 100.0 | 100.0 |   0.0 |  33.3 |   3.6 | 703.0
               +-------+-------+-------+-------+-------+----------------------
